 Dungeon Crawl Stone Soup version 0.27.1-2-g3b301248ec (webtiles) character file.

Game seed: 16044853505089367318

31 raph the Grasshopper (level 3, -3/18 HPs)
             Began as a Spriggan Warper on Sept 24, 2021.
             Slain by an adder (4 damage)
             ... on level 2 of the Dungeon.
             The game lasted 00:04:22 (1849 turns).

raph the Grasshopper (Spriggan Warper)              Turns: 1849, Time: 00:04:22

Health: -3/18      AC:  2    Str:  7    XL:     3   Next: 7%
Magic:  8/8        EV: 18    Int: 14    God:
Gold:   105        SH:  0    Dex: 15    Spells: 6/8 levels left

rFire    . . .     SeeInvis +   a - +0 short sword
rCold    . . .     Faith    .   (shield restricted)
rNeg     . . .     Spirit   .   i - +0 robe
rPois    .         Reflect  .   (helmet restricted)
rElec    .         Harm     .   (no cloak)
rCorr    .         Rampage  .   (gloves unavailable)
Will     .....                  (boots unavailable)
Stlth    ++........             (no amulet)
HPRegen  0.06/turn              (no ring)
MPRegen  0.11/turn              (no ring)

@: lethally poisoned (-3 -> -10), very quick
A: very small, no large weapons, unfitting armour, see invisible, speed 3
a: no special abilities


You were on level 2 of the Dungeon.
You visited 1 branch of the dungeon, and saw 2 of its levels.

You collected 105 gold pieces.

Inventory:

Hand Weapons
 a - a +0 short sword (weapon)
 b - a +2 hunting sling of flaming
Missiles
 d - 5 boomerangs of dispersal (quivered)
 j - 19 stones
Armour
 i - a +0 robe (worn)
Scrolls
 c - a scroll of blinking
 e - a scroll of identify {unknown}
 f - a scroll of immolation {unknown}
 k - a scroll of fog {unknown}
 m - a scroll of fear {unknown}
 n - a scroll of acquirement {unknown}
Potions
 g - a potion of attraction {unknown}
 h - a potion of curing
 l - a potion of heal wounds {unknown}


   Skills:
 + Level 1.8 Fighting
 + Level 2.5 Short Blades
 - Level 1.0 Throwing
 + Level 3.6 Dodging
 + Level 1.5 Stealth
 + Level 3.0 Spellcasting
 + Level 4.7 Translocations


You had 6 spell levels left.
You knew the following spells:

 Your Spells              Type           Power      Damage    Failure   Level
a - Blink                 Tloc           N/A        N/A       4%          2

Your spell library contained the following spells:

 Spells                   Type           Power      Damage    Failure   Level
 Gell's Gravitas          Tloc           7%         N/A       10%         3
 Lesser Beckoning         Tloc           7%         N/A       10%         3
 Teleport Other           Tloc           15%        N/A       10%         3
 Manifold Assault         Tloc           15%        N/A       65%         5


Dungeon Overview and Level Annotations

Branches:
Dungeon (2/15)

Altars:

Shops:
D:1 :*((


Innate Abilities, Weirdness & Mutations

You are very small and have problems with some larger weapons.
You are too small for most types of armour.
You have supernaturally acute eyesight. (SInv)
You cover ground extremely quickly. (Speed+++)


Message History

The adder completely misses you.
You shoot a stone. The stone closely misses the adder.
The adder bites you.
You are poisoned.
The adder poisons you! The adder bites you but does no damage.
You are too injured to fight recklessly!
You are too injured to fight recklessly!
You are too injured to fight recklessly!
You are too injured to fight recklessly!
You are too injured to fight recklessly!
You are too injured to fight recklessly!
Your +2 hunting sling of flaming stops flaming.
a - a +0 short sword (weapon)
You feel sick. The adder bites you.
You are lethally poisoned!
The adder poisons you!
You are too injured to fight recklessly!
You miss the adder.
The adder is heavily wounded.
* * * LOW HITPOINT WARNING * * *
You feel sick. The adder bites you.
* * * LOW HITPOINT WARNING * * *
You closely miss the adder.
The adder is heavily wounded.
* * * LOW HITPOINT WARNING * * *
You feel sick. The adder misses you.
It was a potion of curing.
You feel better. The adder bites you.
You are lethally poisoned!
The adder poisons you! The adder closely misses you.
You barely miss the adder.
The adder is heavily wounded.
* * * LOW HITPOINT WARNING * * *
You feel sick. The adder bites you.
* * * LOW HITPOINT WARNING * * *
You are more poisoned.
The adder poisons you!
You completely miss the adder.
The adder is heavily wounded.
* * * LOW HITPOINT WARNING * * *
You feel sick. The adder bites you.
You die...

.........#.####...##
###....## #####
#.#.## #.#.# ###
#.#.# #... #.#.#
..... #.#.#
......###.#.#
(....(S@....#
......####### .....
.... ###


You could see an adder.

Vanquished Creatures
  A worm (D:2)
  A dart slug (D:2)
  3 endoplasms
  2 giant cockroaches
  A hobgoblin (D:2)
  A jackal (D:2)
  A quokka (D:2)
  6 ball pythons
  4 bats
  A frilled lizard (D:1)
  2 goblins (D:1)
  A rat (D:1)
24 creatures vanquished.

Vanquished Creatures (others)
  A bat (D:2)
1 creature vanquished.

Grand Total: 25 creatures vanquished

Notes
Turn   | Place    | Note
-------+----------+-------------------------------------------
     0 | D:1      | raph the Spriggan Warper began the quest for the Orb.
     0 | D:1      | Reached XP level 1. HP: 10/10 MP: 5/5
   354 | D:1      | Found Uxzayt's Antique Weapon Shoppe.
   395 | D:1      | Found Not Dayp's Weapon Shoppe.
   445 | D:1      | Reached XP level 2. HP: 15/15 MP: 6/6
   465 | D:1      | Learned a level 2 spell: Blink
   886 | D:1      | Reached skill level 1 in Stealth
   895 | D:1      | Found Pozagit's Assorted Antiques.
   905 | D:1      | Found Yquoriti's Book Emporium.
  1743 | D:2      | Reached XP level 3. HP: 18/18 MP: 8/8
  1849 | D:2      | Slain by an adder

Illustrated notes

Levels and vault maps discovered:
D:1:      scummos_arrival_simple_crosswalls, layout_basic, serial_shops, shop,
          nicolae_shop_stone, shop, nicolae_square_shop
D:2:      layout_loops_ring

Skill      XL: |  1  2 |
---------------+-------+-----
Stealth        | 1 |  1.5
Spellcasting   | 3 |  3.0
Fighting       | |  1.8
Short Blades   | |  2.5
Throwing       | |  1.0
Dodging        | |  3.6
Translocations | |  4.7

Action                   || total
-------------------------++-------
Melee: Short sword       ||    54
 Fire: Hunting sling     ||    45
  Use: Potion            ||     1
 Stab: Sleeping          ||     3
Armor: Robe              ||    10
Dodge: Dodged            ||   106
